 Dungeon Crawl Stone Soup version 0.30-a0-989-g0d87f670db (webtiles) character file.

Game seed: 2830141736223989762

317 mopl the Tainter (level 6, 0/41 HPs)
             Began as a Formicid Venom Mage on Apr 3, 2023.
             Slain by an orc priest
             ... wielding a +0 hand axe
              (4 damage)
             ... on level 3 of the Dungeon.
             The game lasted 00:04:17 (2348 turns).

mopl the Tainter (Formicid Venom Mage)              Turns: 2348, Time: 00:04:18

Health: 0/41       AC: 10    Str: 13    XL:     6   Next: 74%
Magic:  3/10       EV: 12    Int: 16    God:
Gold:   151        SH:  0    Dex: 14    Spells: 6/11 levels left

rFire   . . .      SeeInvis +    f - +0 dagger
rCold   . . .      Faith    .    (no shield)
rNeg    + . .      Spirit   .    l - +2 robe
rPois   .          Reflect  .    (helmet unavailable)
rElec   .          Rampage  .    (no cloak)
rCorr   .                        c - +2 pair of gloves
Will    .....                    n - +2 pair of boots
Stlth   ++                       (no amulet)
HPRegen 0.26/turn                d - ring of positive energy
MPRegen 0.12/turn                (no ring)

@: no status effects
A: permanent stasis, dig shafts and tunnels, antennae 3, four strong arms
a: Dig, Shaft Self


You were on level 3 of the Dungeon.
You visited 1 branch of the dungeon, and saw 3 of its levels.

You collected 151 gold pieces.

Inventory:

Hand Weapons
 f - a +0 dagger (weapon)
Armour
 a - the +1 leather armour of Soft Amelioration {Will+}
   (You found it on level 2 of the Dungeon)

   Will:      It increases your willpower.
 c - a +2 pair of gloves (worn)
 l - a +2 robe (worn)
 n - a +2 pair of boots (worn)
Jewellery
 d - a ring of positive energy (left hand)
Scrolls
 h - a scroll of blinking {unknown}
 m - a scroll of magic mapping {unknown}
 o - a scroll of noise {unknown}
 r - 2 scrolls of brand weapon {unknown}
 s - a scroll of enchant weapon {unknown}
 t - a scroll of identify {unknown}
 u - a scroll of teleportation {unknown}
Potions
 b - a potion of magic
 e - a potion of heal wounds {unknown}
 g - a potion of curing
 i - a potion of haste {unknown}
 k - a potion of attraction {unknown}
 p - a potion of cancellation {unknown}
 q - a potion of invisibility {unknown}


   Skills:
 - Level 1.7 Dodging
 - Level 2.4 Stealth
 - Level 3.0 Spellcasting
 - Level 1.1 Transmutations
 + Level 8.9 Poison Magic


You had 6 spell levels left.
You knew the following spells:

 Your Spells              Type           Power      Damage    Failure   Level
a - Sting                 Tmut/Pois      72%        1d6       2%          1
o - Olgreb's Toxic Radia  Pois           30%        N/A       4%          4

Your spell library contained the following spells:

 Spells                   Type           Power      Damage    Failure   Level
 Poisonous Vapours        Pois/Air       32%        N/A       4%          2
 Mephitic Cloud           Conj/Pois/Air  11%        N/A       17%         3
 Apportation              Tloc           4%         N/A       19%         1
 Necrotise                Necr           8%         1d4       19%         1
 Summon Small Mammal      Summ           8%         N/A       19%         1
 Passwall                 Tmut/Erth      3%         N/A       22%         2
 Ensorcelled Hibernation  Hex/Ice        4%         N/A       28%         2
 Swiftness                Air            Unusable   N/A       N/A         3

Dungeon Overview and Level Annotations

Branches:
Dungeon (3/15)

Altars:


Innate Abilities, Weirdness & Mutations

You cannot be hasted, slowed, berserked, paralysed or teleported.
You can dig through walls and to a lower floor.
You have a pair of large antennae on your head. (SInv)
Your four strong arms can wield two-handed weapons with a shield.


Message History

Pain shoots through your body!
* * * LOW HITPOINT WARNING * * *
You hit the orc priest but do no damage.
The orc priest is heavily wounded.
The orc priest hits you but does no damage.
You hit the orc priest but do no damage.
The orc priest is heavily wounded.
The orc priest completely misses you.
You hit the orc priest but do no damage.
The orc priest is heavily wounded.
The orc priest misses you.
You hit the orc priest.
The orc priest is heavily wounded.
The orc priest misses you.
You hit the orc priest but do no damage.
The orc priest is heavily wounded.
The orc priest hits you but does no damage.
You hit the orc priest.
The orc priest is severely wounded.
The orc priest closely misses you.
You hit the orc priest but do no damage.
The orc priest is severely wounded.
The orc priest hits you with a +0 hand axe.
* * * LOW HITPOINT WARNING * * *
You hit the orc priest.
The orc priest is almost dead.
The orc priest hits you but does no damage.
You hit the orc priest but do no damage.
The orc priest is almost dead.
The orc priest closely misses you.
You hit the orc priest but do no damage.
The orc priest is almost dead.
The orc priest closely misses you.
You closely miss the orc priest.
The orc priest is almost dead.
The orc priest hits you but does no damage.
You hit the orc priest but do no damage.
The orc priest is almost dead.
The orc priest hits you with a +0 hand axe.
You die...

##### ######## ...#
.......#
#.########...
###.##.#.
#...†@o)...#
#.##.#.###.#######..#
#.##.#.....#
#.##.###.###
#.##.....#
#................
#.##########.#### . #


You could see an orc priest.

Vanquished Creatures
  Sigmund (D:2)
  Terence (D:2)
  Jessica (D:3)
  An orc wizard (D:3)
  2 adders (D:2)
  2 orcs (D:3)
  5 ball pythons
  4 endoplasms
  3 giant cockroaches
  4 goblins (D:1)
  6 hobgoblins
  3 jackals
  4 quokkas
  7 bats
  4 frilled lizards (D:1)
  4 kobolds
  3 rats
55 creatures vanquished.

Notes
Turn   | Place    | Note
-------+----------+-------------------------------------------
     0 | D:1      | mopl the Formicid Venom Mage began the quest for the Orb.
     0 | D:1      | Reached XP level 1. HP: 13/13 MP: 3/3
   216 | D:1      | Reached XP level 2. HP: 19/19 MP: 1/5
   410 | D:1      | Reached XP level 3. HP: 20/24 MP: 1/7
   431 | D:1      | Reached skill level 3 in Spellcasting
   669 | D:1      | Reached skill level 5 in Poison Magic
  1056 | D:2      | Noticed Sigmund
  1101 | D:2      | Reached XP level 4. HP: 21/30 MP: 5/8
  1145 | D:1      | Learned a level 4 spell: Olgreb's Toxic Radiance
  1340 | D:2      | HP: 1/30 [Sigmund/bolt of dispelling energy (17)]
  1344 | D:2      | Killed Sigmund
  1345 | D:2      | Reached skill level 8 in Poison Magic
  1345 | D:2      | Reached XP level 5. HP: 2/35 MP: 1/9
  1345 | D:2      | Reached XP level 6. HP: 2/41 MP: 1/10
  1534 | D:2      | Identified the +1 leather armour of Soft Amelioration
                  | {Will+}
  1628 | D:2      | Noticed Terence
  1640 | D:2      | Killed Terence
  2185 | D:3      | Noticed Jessica
  2190 | D:3      | Killed Jessica
  2348 | D:3      | Slain by an orc priest

Illustrated notes

Levels and vault maps discovered:
D:1:      dpeg_arrival_circle_labyrinth_c, layout_basic
D:2:      layout_loops_ring, nicolae_titane, uniq_terence, uniq_sigmund
D:3:      layout_loops_ring, mainiacjoe_overflow_boulevard, feat_on_display,
          uniq_jessica

Skill      XL: |  1  2  3  4 |
---------------+-------------+-----
Spellcasting   | 3 |  3.0
Poison Magic   | 5 8 |  8.9
Dodging        | |  1.7
Stealth        | |  2.4
Transmutations | |  1.1

Action                     |  1- 3 |  4- 6 || total
---------------------------+-------+-------++-------
  Melee: Unarmed           |    31 |       ||    31
         Dagger            |    38 |    49 ||    87
         Punch             |     1 |       ||     1
   Cast: Sting             |    51 |    43 ||    94
         Olgreb's Toxic Ra |       |     4 ||     4
  Evoke: Wand              |       |     1 ||     1
   Stab: Sleeping          |     1 |       ||     1
 Armour: Robe              |    51 |    21 ||    72
  Dodge: Dodged            |    73 |    34 ||   107

Table legend: (Time is in decaauts)
 A = Elapsed time spent in this place.
 B = Non-inter-level travel time spent in this place.
 C = Inter-level travel time spent in this place.
 D = Time resting spent in this place.
 E = Time spent auto-exploring this place.
 F = Levels seen in this place.
 G = Mean time per level.
                   A        B        C        D        E       F      G
               +--------+--------+--------+--------+--------+-----+--------+
         Total |   2349 |   2258 |     91 |    454 |   1281 |   3 |  783.0 |
       Dungeon |   2349 |   2258 |     91 |    454 |   1281 |   3 |  783.0 |
               +--------+--------+--------+--------+--------+-----+--------+

Top non-repeatable levels by time:
     D:1: 1152 daAuts
     D:2: 893 daAuts
     D:3: 303 daAuts
